AoeStats
← Malcolm Little

Nomad

509508379Analyzed
3v3 RM · 6d ago on Sep 27, 2026· 83m 51s· 6 players
Game mode
Random Map
Map size
210×210
Population
200
Speed
Normal
Resources
Standard
Victory
Conquest
Starting age
Dark Age
Ending age
Imperial Age
RankedLock teamsTeams togetherTeam positionsShared explorationLock speedFull tech treeHidden civsTurbo modeCheats
Victory
Defeat
🇨🇱 Spanish · Chile
1530
+14
🇩🇴 Italians · Dominican Republic
1466
+16
1399
+19
🇨🇱 Gurjaras · Chile
1514
-18
🇩🇪 Danes · Germany
1454
-16
🇺🇸 Varangians · United States
1447
-15
Malcolm Little
9:17 Loom
9:36 Loom
12:26 Feudal Age
17:22 Castle Age
16:16 Fletching
17:32 Padded Archer Armor
17:52 Double-Bit Axe
32:28 Town Watch
34:30 Wheelbarrow
34:48 Bodkin Arrow
35:09 Leather Archer Armor
36:37 Bow Saw
36:08 Horse Collar
37:04 Stone Mining
37:05 Gold Mining
41:08 Heavy Plow
44:25 Imperial Age
42:08 Forging
42:56 Scale Barding Armor
43:45 Ballistics
43:36 Masonry
45:07 Bracer
45:38 Ring Archer Armor
46:11 Chemistry
46:25 Conscription
47:08 Chain Barding Armor
47:05 Elite Genoese Crossbowman
48:19 Architecture
49:20 Pirotechnia
49:46 Hoardings
51:41 Plate Barding Armor
51:42 Iron Casting
53:15 Light Cavalry
54:07 Bloodlines
53:53 Hussar
55:30 Husbandry
56:31 Blast Furnace
59:20 Two-Man Saw
58:52 Scale Mail Armor
60:36 Chain Mail Armor
63:15 Hand Cart
71:50 Plate Mail Armor
83:57 Coinage
yinyangwar
12:49 Feudal Age
16:30 Castle Age
15:20 Double-Bit Axe
15:15 Horse Collar
16:47 Loom
18:04 Bow Saw
20:25 Wheelbarrow
22:21 Town Watch
24:54 Padded Archer Armor
25:42 Husbandry
26:24 Leather Archer Armor
31:04 Horse Collar
36:48 Imperial Age
34:35 Hand Cart
34:35 Fletching
34:53 Scale Barding Armor
35:29 Bodkin Arrow
36:04 Bloodlines
37:55 Conscription
38:44 Chemistry
38:38 Ring Archer Armor
38:09 Bracer
38:27 Elite Skirmisher
39:13 Thumb Ring
40:21 Gold Mining
42:02 Cavalier
42:48 Scale Barding Armor
42:54 Forging
45:42 Chain Barding Armor
45:58 Iron Casting
44:44 Light Cavalry
45:38 Hussar
46:39 Pikeman
47:19 Squires
47:35 Scale Mail Armor
47:07 Halberdier
48:49 Blast Furnace
48:47 Block Printing
48:42 Redemption
48:43 Fervor
50:41 Sanctity
51:10 Onager
52:07 Chain Mail Armor
53:05 Masonry
53:17 Ballistics
55:22 Atonement
55:43 Paladin
56:59 Plate Barding Armor
70:18 Plate Mail Armor
81:44 Arson
[zWq]Ferdinand Von Lindemann
10:20 Loom
13:18 Feudal Age
13:43 Double-Bit Axe
13:39 Horse Collar
19:01 Castle Age
17:58 Gold Mining
18:46 Bloodlines
19:44 Bow Saw
19:41 Heavy Plow
22:11 Wheelbarrow
23:46 Scale Barding Armor
25:34 Gold Shaft Mining
26:15 Chain Barding Armor
29:30 Forging
34:39 Imperial Age
32:26 Hand Cart
34:20 Husbandry
34:46 Cavalier
36:07 Plate Barding Armor
36:30 Iron Casting
38:19 Two-Man Saw
37:17 Town Watch
38:23 Conscription
38:23 Fletching
39:52 Blast Furnace
43:35 Ballistics
44:15 Chemistry
43:36 Bodkin Arrow
45:48 Elite Skirmisher
46:29 Padded Archer Armor
46:41 Masonry
46:54 Savar
54:47 Light Cavalry
59:00 Architecture
60:34 Leather Archer Armor
60:31 Thumb Ring
60:24 Murder Holes
71:26 Ring Archer Armor
71:50 Heavy Camel Rider
73:49 Hussar
WeedMan
5:10 Loom
12:24 Feudal Age
17:01 Castle Age
15:01 Double-Bit Axe
15:31 Gold Mining
16:11 Fletching
17:47 Husbandry
18:10 Bow Saw
18:08 Padded Archer Armor
19:01 Horse Collar
20:37 Crossbowman
21:01 Elite Skirmisher
23:01 Wheelbarrow
24:17 Bodkin Arrow
28:18 Hand Cart
27:51 Town Watch
29:31 Leather Archer Armor
31:10 Ballistics
37:32 Fortified Wall
41:49 Imperial Age
40:39 Gold Shaft Mining
40:23 Bloodlines
40:50 Scale Barding Armor
40:48 Husbandry
41:41 Stone Mining
42:19 Forging
42:08 Heavy Camel Rider
44:03 Chain Barding Armor
45:01 Light Cavalry
46:45 Plate Barding Armor
48:31 Iron Casting
48:27 Town Patrol
48:29 Hussar
50:06 Conscription
52:09 Frontier Guards
62:32 Bracer
63:37 Chemistry
62:53 Thumb Ring
63:54 Crossbowman
65:59 Elite Elephant Archer
lepac
3:52 Loom
13:44 Feudal Age
14:09 Fishing Lines
14:19 Double-Bit Axe
21:00 Castle Age
20:17 Fletching
22:22 Bodkin Arrow
22:39 Gillnets
23:49 Wheelbarrow
23:32 Bow Saw
24:37 Gold Mining
26:30 Hand Cart
30:04 Gold Shaft Mining
29:20 Stone Mining
31:19 Scale Mail Armor
31:30 Forging
31:04 Horse Collar
35:14 Imperial Age
33:24 Chain Mail Armor
33:18 Heavy Plow
34:39 Iron Casting
33:29 Hamask
34:12 Squires
33:57 Gambesons
33:58 Arson
34:19 Pikeman
35:25 Elite Jomsviking
36:41 Plate Mail Armor
37:11 Blast Furnace
36:29 Halberdier
37:46 Elite Varangian Guard
39:48 Northmen's Fury
44:36 Onager
45:58 Siege Onager
48:19 Chemistry
47:25 Siege Engineers
52:20 Conscription
53:02 Devotion
61:30 Hoardings
62:04 Town Watch
62:30 Masonry
67:54 Light Cavalry
69:25 Husbandry
71:52 Bloodlines
71:56 Scale Barding Armor
78:44 Chain Barding Armor
82:07 Plate Barding Armor
TaNa
4:43 Loom
13:23 Feudal Age
16:56 Castle Age
14:47 Fishing Lines
15:08 Double-Bit Axe
16:45 Fletching
17:54 Bow Saw
18:59 Gillnets
19:53 Bodkin Arrow
21:17 Wheelbarrow
22:44 Horse Collar
26:17 Ballistics
28:06 Town Watch
28:37 Hand Cart
29:46 Town Patrol
30:28 Padded Archer Armor
35:58 Leather Archer Armor
38:19 Imperial Age
37:16 Heavy Plow
37:08 Gold Mining
39:06 Bloodlines
38:56 Husbandry
39:02 Bracer
40:04 Chemistry
38:27 Cranequins
40:24 Heavy Mounted Crossbowman
45:18 Ring Archer Armor
48:45 Conscription
52:50 Guard Tower
54:14 Scale Barding Armor
53:34 Light Cavalry
55:14 Hussar
56:26 Chain Barding Armor
58:32 Murder Holes
62:41 Forging
65:40 Iron Casting
65:58 Cavalier
67:16 Plate Barding Armor
66:32 Vendel Legacy
68:17 Blast Furnace
79:34 Two-Man Saw
81:17 Crop Rotation
Connection lost

Rejoining the realm…

Still unreachable

The connection could not be restored.

Session expired

The server has moved on; the page needs a fresh start.